 Dungeon Crawl Stone Soup version 0.31-a0-278-g485e682e34 (webtiles) character file.

Game seed: 11527097307219773413

10 AIAndy the Changeling (level 2, -1/13 HPs)
             Began as a Felid Shapeshifter on July 16, 2023.
             Slain by a rat (2 damage)
             ... on level 1 of the Dungeon.
             The game lasted 00:00:37 (35 turns).

AIAndy the Changeling (Felid Shapeshifter)            Turns: 35, Time: 00:00:37

Health: -1/13      AC:  1    Str: 11    XL:     2   Next: 10%
Magic:  3/3        EV: 17    Int:  9    God:
Gold:   0          SH:  0    Dex: 16    Spells: 1/1 levels left
                                        Lives:  0   Deaths: 0

rFire   . .          .
                       - Unarmed
rCold   . . .        (shield unavailable)
rNeg    . . .        (body armour unavailable)
rPois   .            (helmet unavailable)
rElec   .            (cloak unavailable)
rCorr   .            (gloves unavailable)
SInv    +            (boots unavailable)
Will    .....        (no amulet)
Stlth   +            (no ring)
HPRegen 0.22/turn    (no ring)
MPRegen 0.08/turn

%: no passive effects
@: beast-form, quick
A: beast (slay +2), very small, claws 1, fangs 3, see invisible, speed 1, shaggy
fur 1, stealthy paws, no weapons or thrown items, no armour, multi-lived
a: Begin Untransformation


You were on level 1 of the Dungeon.
You were a hulking beast.
You visited 1 branch of the dungeon, and saw 1 of its levels.


Innate Abilities, Weirdness & Mutations

You are a hulking beast.
Your limbs bulge with bestial killing power. (Slay +2)
You have sharp claws.
You have razor-sharp teeth.
You have supernaturally acute eyesight. (SInv)
You cover ground quickly. (Speed+)
You are covered in fur. (AC +1)
Your paws help you pounce on unaware monsters.
You are incapable of wielding weapons or throwing items.
You cannot wear armour.
You gain extra lives every three experience levels.


   Skills:
 - Level 2.0 Fighting
 - Level 2.6 Dodging
 + Level 2.4 Unarmed Combat
 + Level 3.5 Shapeshifting


You had one spell level left.
You didn't know any spells.
Your spell library was empty.

Inventory:

Talismans
 b - a beast talisman
Potions
 a - a potion of lignification {!q}

Dungeon Overview and Level Annotations

Branches:
Dungeon (1/15)

Altars:

Annotations:
D:1 1 transporter

▓.▓.▓##.##...##
▓.▓.▓.#...[..#
▓<▓)..#.....##
.$.©##©▓.▓...##....####
▓▓▓▓▓##▓▓.#...........#
▓#▓# ▓▓##.##....##.#
..▓▓. #...#.#.## ... ▓.
...#.....###># ... ▓.
..#...#h...(..# #. ▓. .
##..r..###### #..##.#
#.. #.# #. #.# .. ...
.. ... ... .##


You could see a rat.


Message History

You kill the rat!
You scratch the kobold but do no damage.
Your claw misses the kobold. The kobold closely misses you.
You barely miss the kobold. Your bite misses the kobold.
The kobold hits you with a +0 whip.
Ouch! That really hurt!
* * * LOW HITPOINT WARNING * * *
You scratch the kobold.
You kill the kobold!
You scratch the hobgoblin.
The hobgoblin is heavily wounded.
The hobgoblin misses you.
You scratch the hobgoblin. You bite the hobgoblin.
You kill the hobgoblin!
You barely miss the frilled lizard. The frilled lizard closely misses you.
You claw the frilled lizard!
You kill the frilled lizard!
You have reached level 2!
You scratch the rat.
You kill the rat!
You scratch the endoplasm but do no damage.
The endoplasm freezes you.
You are frozen.
* * * LOW HITPOINT WARNING * * *
You claw the endoplasm!
You kill the endoplasm!
You barely miss the rat.
The rat twitches its whiskers.
The rat bites you.
You die...

Action                     || total
---------------------------++-------
  Melee: Unarmed           ||    19
         Bite              ||     2
  Dodge: Dodged            ||     8

Levels and vault maps discovered:
D:1:      spicycebolla_arrival_risky_transporter, layout_loops_ring

Notes
Turn   | Place    | Note
-------+----------+-------------------------------------------
     0 | D:1      | AIAndy the Felid Shapeshifter began the quest for the Orb.
     0 | D:1      | Reached XP level 1. HP: 9/9 MP: 2/2
    32 | D:1      | Reached XP level 2. HP: 5/13 MP: 3/3
    33 | D:1      | HP: 1/13 [frozen (5)]
    35 | D:1      | Slain by a rat

Vanquished Creatures
  A dart slug (D:1)
  An endoplasm (D:1)
  A giant cockroach (D:1)
  A hobgoblin (D:1)
  A kobold (D:1)
  A frilled lizard (D:1)
  2 rats (D:1)
8 creatures vanquished.

Table legend: (Time is in decaauts)
 A = Elapsed time spent in this place.
 B = Non-inter-level travel time spent in this place.
 C = Inter-level travel time spent in this place.
 D = Time resting spent in this place.
 E = Time spent auto-exploring this place.
 F = Levels seen in this place.
 G = Mean time per level.
                   A        B        C        D        E       F      G
               +--------+--------+--------+--------+--------+-----+--------+
         Total |     31 |     31 |      0 |      0 |      6 |   1 |   31.0 |
       Dungeon |     31 |     31 |      0 |      0 |      6 |   1 |   31.0 |
               +--------+--------+--------+--------+--------+-----+--------+

Top non-repeatable levels by time:
     D:1: 31 daAuts

Table legend:
 A = Non-vault XP
 B = Vault XP
 C = Vault XP percentage of total XP
 D = Non-vault monster count
 E = Vault monster count
 F = Vault count percentage of total count
                 A         B        C        D         E       F
            +---------+---------+-------+---------+---------+-------
      Total |      15 |       0 |   0.0 |       8 |       0 |   0.0
            +---------+---------+-------+---------+---------+-------
        D:1 |      15 |       0 |   0.0 |       8 |       0 |   0.0
            +---------+---------+-------+---------+---------+-------
